 Dungeon Crawl Stone Soup version 0.31-b1-12-gca42e3d1b8 (webtiles) character file.

Game seed: 17555147114416170773

698 hawla the Changeling (level 7, 0/33 HPs)
             Began as a Felid Shapeshifter on Jan 14, 2024.
             Shot with an arrow by a centaur (12 damage)
             ... on level 5 of the Dungeon.
             The game lasted 00:09:00 (3150 turns).

hawla the Changeling (Felid Shapeshifter)           Turns: 3150, Time: 00:09:01

Health: 0/33       AC:  2    Str: 10    XL:     7   Next: 38%
Magic:  8/8        EV: 18    Int: 16    God:
Gold:   237        SH:  0    Dex: 15    Spells: 1/6 levels left
                                        Lives:  0   Deaths: 3

rFire   . .          .
                       - Unarmed
rCold   . . .        (shield unavailable)
rNeg    . . .        (body armour unavailable)
rPois   .            (helmet unavailable)
rElec   .            (cloak unavailable)
rCorr   .            (gloves unavailable)
SInv    +            (boots unavailable)
Will    +....        p - amulet of magic regeneration
Stlth   ++           e - ring of wizardry
HPRegen 0.25/turn    (no ring)
MPRegen 0.51/turn

%: wizardry (x1)
@: beast-form
A: beast (slay +3), very small, claws 1, fangs 3, see invisible, shaggy fur 2,
stealthy paws, no weapons or thrown items, no armour, multi-lived
a: Begin Untransformation


You were on level 5 of the Dungeon.
You were a hulking beast.
You visited 1 branch of the dungeon, and saw 5 of its levels.

You collected 237 gold pieces.

Inventory:

Jewellery
 a - a ring of willpower
 e - a ring of wizardry (left paw)
 i - a ring of willpower
 k - an amulet of guardian spirit
 p - an amulet of magic regeneration (around neck)
 q - a ring of positive energy
Talismans
 b - a beast talisman
 c - a flux talisman
 n - a granite talisman
Wands
 h - a wand of light (6)
Scrolls
 d - 3 scrolls of enchant weapon
 r - a scroll of identify
Potions
 f - a potion of attraction {unknown}
 g - 2 potions of resistance {unknown}
 j - 2 potions of cancellation
 l - 2 potions of curing {unknown}
 m - a potion of ambrosia {unknown}
 o - a potion of lignification
 s - a potion of berserk rage {unknown}


   Skills:
 - Level 1.0 Fighting
 - Level 3.5 Dodging
 - Level 1.7 Stealth
 - Level 4.0 Unarmed Combat
 + Level 6.7 Shapeshifting


You had one spell level left.
You knew the following spells:

 Your Spells              Type           Power      Damage    Failure   Level
a - Freezing Cloud        Conj/Ice/Air   0%         6-21      93%         5

Your spell library contained the following spells:

 Spells                   Type           Power      Damage    Failure   Level
 Cigotuvi's Dreadful Rot  Necr/Alch/Air  0%         N/A       16%         2
 Ignite Poison            Fire/Alch      0%         N/A       65%         4
 Malign Gateway           Summ/Tloc      0%         N/A       100%        7
 Summon Horrible Things   Summ           0%         N/A       100%        8


Dungeon Overview and Level Annotations

Branches:
Dungeon (5/15)
 Temple: D:4-7

Altars:
Trog

Shops:
D:3 :


Innate Abilities, Weirdness & Mutations

You are a hulking beast.
Your limbs bulge with bestial killing power. (Slay +3)
You have sharp claws.
You have razor-sharp teeth.
You have supernaturally acute eyesight. (SInv)
You are covered in thick fur. (AC +2)
Your paws help you pounce on unaware monsters.
You are incapable of wielding weapons or throwing items.
You cannot wear armour.
You gain extra lives every three experience levels.


Message History

As you read the scroll labelled DYDILE XICHI, it crumbles to dust.
It is a scroll of identify.
j - 2 potions of cancellation The adder barely misses you.
The quokka bites you. The adder misses you.
The centaur unwields a +0 orcbow.
The centaur barely misses you. The centaur misses you.
You see here a book of Frost.
The centaur wields a +0 orcbow.
The centaur shoots an arrow.
The arrow hits you.
* * * LOW HITPOINT WARNING * * *
The centaur shoots an arrow.
The arrow barely misses you. The adder attacks as it pursues you!
The adder bites you but does no damage. The adder closely misses you.
The adder attacks as it pursues you! The adder misses you.
The quokka twitches its whiskers.
The adder attacks as it pursues you! The adder bites you but does no damage.
The adder attacks as it pursues you! The adder misses you. The adder bites you.
* * * LOW HITPOINT WARNING * * *
The adder attacks as it pursues you! The adder closely misses you.
The centaur shoots an arrow.
The arrow closely misses you. The adder attacks as it pursues you!
The adder bites you.
* * * LOW HITPOINT WARNING * * *
The centaur shoots an arrow.
The arrow hits you!
You die...
Your shape twists and changes as you die.
You rejoin the land of the living...
Found a leather armour and 20 gold pieces.
You see here a +0 leather armour.
You now have 237 gold pieces (gained 20).
The centaur shoots an arrow.
The arrow closely misses you.
The centaur shoots an arrow.
The arrow barely misses you.
Found a chain mail.
The centaur shoots an arrow.
The arrow hits you!
The bombardier beetle waves its antennae.
The centaur shoots an arrow.
The arrow barely misses you.
The centaur shoots an arrow.
The arrow misses you.
The centaur shoots an arrow.
The arrow closely misses you.
The centaur shoots an arrow.
The arrow hits you!
The centaur shoots an arrow.
The arrow hits you!
You die...

## # #. .. .....# .##.# #
##.#.#.# ............#..
.. . #.#.##.#.#.#.##.#
.##........#...##.#
...#.#..[...#.##.## .
#.#..h:..#.#.....### #.
#...#........##....#
#.##.#.#.#.##.#:##....#
...#............O.## .
#.#.#.##.###.##...#
#...cB............##
#.#.##J###.####....###
#.##.#.##.###.####.....##
#.........O.BJ........hc#


You could see a centaur, a bombardier beetle and a jelly.

Vanquished Creatures
  Sigmund (D:4)
  Blork the orc (D:4)
  A scorpion (D:4)
  2 howler monkeys
  A jelly (D:4)
  An orc priest (D:4)
  3 orc wizards (D:4)
  Natasha (D:3)
  3 gnolls (D:3)
  8 adders
  2 ribbon worms
  2 dart slugs (D:1)
  8 orcs
  2 bats
  6 endoplasms
  A giant cockroach (D:1)
  6 goblins
  3 hobgoblins
  3 jackals (D:3)
  12 kobolds
  6 quokkas
  6 ball pythons
  7 frilled lizards
  2 rats
88 creatures vanquished.

Notes
Turn   | Place    | Note
-------+----------+-------------------------------------------
     0 | D:1      | hawla the Felid Shapeshifter began the quest for the Orb.
     0 | D:1      | Reached XP level 1. HP: 10/10 MP: 2/2
   294 | D:1      | Reached XP level 2. HP: 14/14 MP: 3/3
   622 | D:1      | Reached XP level 3. HP: 18/18 MP: 4/4
   926 | D:2      | Reached skill level 1 in Stealth
   967 | D:2      | Reached skill level 3 in Shapeshifting
  1099 | D:2      | Reached XP level 4. HP: 22/22 MP: 5/5
  1099 | D:2      | Gained a life (2 lives remaining)
  1423 | D:3      | Found Roffula's Vocational Training.
  1473 | D:3      | Found a bloodstained altar of Trog.
  1519 | D:3      | HP: 1/22 [gnoll/+0 spear (3)]
  1521 | D:3      | Slain by an orc
  1521 | D:3      | Lost a life (1 life remaining)
  1967 | D:3      | Reached XP level 5. HP: 20/25 MP: 4/6
  2093 | D:3      | Reached skill level 4 in Shapeshifting
  2249 | D:4      | Noticed Natasha
  2265 | D:3      | Killed Natasha
  2462 | D:4      | Gained mutation: You are covered in thick fur. (AC +2)
                  | [Felid growth]
  2462 | D:4      | Reached XP level 6. HP: 16/30 MP: 3/7
  2553 | D:4      | Killed by an exploding orc wizard... ignited by their inner
                  | flame
  2553 | D:4      | Lost a life (0 lives remaining)
  2554 | D:4      | Reached skill level 5 in Shapeshifting
  2623 | D:4      | Noticed Sigmund
  2648 | D:4      | Killed Sigmund
  2649 | D:4      | Reached skill level 6 in Shapeshifting
  2649 | D:4      | Reached XP level 7. HP: 21/33 MP: 3/8
  2649 | D:4      | Gained a life (1 life remaining)
  2733 | D:4      | Noticed Blork the orc
  2744 | D:4      | Killed Blork the orc
  3028 | D:5      | Entered Level 5 of the Dungeon
  3040 | D:5      | Learned a level 5 spell: Freezing Cloud
  3119 | D:5      | Shot with an arrow by a centaur
  3119 | D:5      | Lost a life (0 lives remaining)
  3150 | D:5      | Shot with an arrow by a centaur

Illustrated notes

Levels and vault maps discovered:
D:1:      spicycebolla_arrival_ecumenical, layout_loops_cross
D:2:      minmay_angry_zag, layout_loops_ring
D:3:      layout_loops_ring, lemuel_crystal_altar, serial_aquarium,
          aquarium_bridge_long_separate [aquarium_subvault_bridge,
          aquarium_subvault_bridge, aquarium_subvault_bridge,
          aquarium_subvault_bridge, aquarium_subvault_bridge,
          aquarium_subvault_window], aquarium_window_fake, aquarium_window_1,
          aquarium_view_2e, aquarium_view_2e, aquarium_balcony_1b,
          aquarium_pool_five, nicolae_shop_vocational
D:4:      layout_cave_pools, uniq_sigmund, uniq_blork_the_orc, uniq_natasha
D:5:      layout_layer_cave, minmay_temple_entry_water_ring, minmay_diced_spiral

Skill      XL: |  1  2  3  4  5  6 |
---------------+-------------------+-----
Dodging        | 3 |  3.5
Stealth        | 1 |  1.7
Shapeshifting  | 3 4 6 |  6.7
Unarmed Combat | 4 |  4.0
Fighting       | |  1.0

Action                     |  1- 3 |  4- 6 |  7- 9 || total
---------------------------+-------+-------+-------++-------
  Melee: Unarmed           |    86 |   108 |    17 ||   211
         Bite              |    10 |     8 |     3 ||    21
         Punch             |     2 |       |       ||     2
    Use: Potion            |     1 |     1 |       ||     2
         Scroll            |       |     6 |     1 ||     7
   Stab: Sleeping          |     5 |     4 |     1 ||    10
 Armour: Skin              |    33 |    55 |    14 ||   102
  Dodge: Dodged            |    48 |    86 |    33 ||   167
